 Dungeon Crawl Stone Soup version 0.29-a0-356-g7bc237e783 (webtiles) character file.

Game seed: 5066214136823907199

15336 RepHenryClay the Spear-Bearer (level 12, -3/94 HPs)
             Began as a Merfolk Gladiator on Apr 25, 2022.
             Was a High Priest of Okawaru.
             Killed by refrigeration
             ... invoked by Fannar
              (25 damage)
             ... on level 1 of the Lair of Beasts.
             The game lasted 00:31:40 (17697 turns).

RepHenryClay the Spear-Bearer (Merfolk Gladiator)  Turns: 17697, Time: 00:31:41

Health: -3/94      AC: 11    Str: 16    XL:     12   Next: 25%
Magic:  18/19      EV: 28    Int:  7    God:    Okawaru [*****.]
Gold:   1003       SH:  6    Dex: 19    Spells: 11/11 levels left

rFire   . . .      SeeInvis .   a - +3 trident
rCold   . . .      Faith    .   i - +0 buckler
rNeg    . . .      Spirit   .   z - +0 troll leather armour
rPois   .          Reflect  .   c - +0 helmet
rElec   .          Harm     .   (no cloak)
rCorr   .          Rampage  .   I - +0 pair of gloves
Will    .....                   (no boots)
Stlth   +++.......              (no amulet)
HPRegen 1.05/turn               t - +4 ring of evasion
MPRegen 0.16/turn               p - +4 ring of protection

@: heroic
A: (nimble swimmer 2), mertail, sense surroundings 1
a: Renounce Religion, Heroism, Finesse, Duel


You were on level 1 of the Lair of Beasts.
You worshipped Okawaru.
Okawaru was extremely pleased with you.
You visited 3 branches of the dungeon, and saw 15 of its levels.
You also visited: Ossuary and Gauntlet.

You collected 1003 gold pieces.

Inventory:

Hand Weapons
 a - a +3 trident (weapon)
 s - the +10 dagger of Suveb {freeze, rElec rN+}
   (You found it on level 3 of the Dungeon)

   It freezes those it strikes, dealing additional cold damage.
   It can also slow down cold-blooded creatures.
   rElec:     It insulates you from electricity.
   rN:        It protects you from negative energy.
Missiles
 d - a throwing net
 e - 16 javelins
 n - 6 silver javelins (quivered)
 w - 16 atropa-tipped darts
 H - a curare-tipped dart
 M - 3 poisoned darts
Armour
 c - a +0 helmet (worn)
 f - +0 steam dragon scales
 i - a +0 buckler (worn)
 u - the +6 scale mail of the New World {Harm rC- Str-2 Stlth+}
   (You found it on level 3 of the Dungeon)

   Str:       It affects your strength (-2).
   rC:        It makes you vulnerable to cold.
   Harm:      It increases damage dealt and taken.
   Stlth:     It makes you more stealthy.
 z - a +0 troll leather armour (worn)
 D - a scarf of harm
 I - a +0 pair of gloves (worn)
Jewellery
 j - a ring of ice
 p - a +4 ring of protection (right hand)
 t - a +4 ring of evasion (left hand)
 L - a ring of protection from fire
 N - a +6 ring of dexterity
Wands
 b - a wand of flame (68)
 k - a wand of polymorph (23)
 x - a wand of iceblast (31)
 y - a wand of digging (9)
 C - a wand of acid (1)
Scrolls
 v - 2 scrolls of amnesia
 E - a scroll of fear
 F - 3 scrolls of teleportation
 J - 2 scrolls of fog
 O - a scroll of enchant weapon
 P - 2 scrolls of identify {@r1}
 Q - 2 scrolls of enchant armour {unknown}
Potions
 g - 2 potions of magic
 h - 2 potions of resistance
 l - 4 potions of flight
 m - 4 potions of might
 o - 3 potions of lignification
 q - a potion of haste
 r - 3 potions of attraction
 A - a potion of invisibility
 B - 2 potions of curing
 G - a potion of mutation
 K - a potion of heal wounds


   Skills:
 + Level 8.6(13.6) Fighting
 + Level 13.6(18.6) Polearms
 + Level 6.9(11.9) Throwing
 + Level 13.6(18.6) Dodging
 - Level 10.0 Invocations


You had 11 spell levels left.
You didn't know any spells.
Your spell library contained the following spells:

 Spells                   Type           Power      Damage    Failure   Level
 Apportation              Tloc           0%         N/A       58%         1
 Blink                    Tloc           0%         N/A       73%         2
 Ensorcelled Hibernation  Hex/Ice        0%         N/A       73%         2
 Passwall                 Tmut/Erth      0%         N/A       73%         2
 Lesser Beckoning         Tloc           0%         N/A       91%         3
 Swiftness                Air            0%         N/A       91%         3
 Fulminant Prism          Conj/Hex       0%         3d6       100%        4
 Iskenderun's Mystic Bla  Conj/Tloc      0%         2d3       100%        4
 Petrify                  Tmut/Erth      0%         N/A       100%        4
 Alistair's Intoxication  Tmut/Pois      0%         N/A       100%        5
 Lee's Rapid Deconstruct  Erth           0%         3d5*      100%        5
 Manifold Assault         Tloc           0%         N/A       100%        5
 Conjure Ball Lightning   Conj/Air       0%         3x3d6     100%        6
 Storm Form               Tmut/Air       0%         N/A       100%        7
 Discord                  Hex            0%         N/A       100%        8
 Disjunction              Tloc           0%         N/A       100%        8
 Summon Small Mammal      Summ           Unusable   N/A       N/A         1
 Call Canine Familiar     Summ           Unusable   N/A       N/A         3
 Summon Guardian Golem    Hex/Summ       Unusable   N/A       N/A         3

Dungeon Overview and Level Annotations

Branches:
Dungeon (12/15)            Temple (1/1) D:4            Lair (2/6) D:10
Ossuary (visited)         Gauntlet (visited)
  Swamp: Lair:2-4    Shoals: Lair:2-4     Snake: Lair:2-4    Spider: Lair:2-4
    Orc: D:9-12

Altars:
Dithmenos
Elyvilon
Hepliaklqana
Kikubaaqudgha
Makhleb
Nemelex Xobeh
Okawaru
Ru
Sif Muna
Uskayaw
Wu Jian
Xom
Yredelemnul
Zin
The Shining One

Shops:
D:6 (   D:10 :

Annotations:
D:6 Menkaure
D:7 3 exclusions, Maggie
D:10 1 exclusion, Erolcha
D:11 3 runed translucent doors, durneh's ghost, novice FeCj
Lair:1 Fannar


Innate Abilities, Weirdness & Mutations

((You are very nimble when in or above water. (Stealth+, EV+, Speed+++)))
Your lower body shifts to a powerful aquatic tail in water.
You passively map a small area around you.


Message History

Fannar casts a spell at you. The bolt of cold hits you!
The bolt of cold hits the ice beast.
The ice beast completely resists.
The ice beast hits you but does no damage.
Huge Dmg: -30%(-28hp) hp: 61%(57hp)
You completely miss Fannar.
Fannar is severely wounded.
You block the ice beast's attack.
Unknown command.
The ice beast completely misses you. You block the ice beast's attack.
You miss Fannar.
Fannar is severely wounded.
Fannar completely misses you. The ice beast completely misses you.
The ice beast hits you but does no damage.
You closely miss Fannar.
Fannar is severely wounded.
Fannar completely misses you.
You puncture Fannar!
Fannar is almost dead.
The ice beast completely misses you.
The ice beast hits you but does no damage.
You hit Fannar.
Fannar is almost dead.
Fannar hits you with a staff of cold. Fannar freezes you!
You block the ice beast's attack. The ice beast closely misses you.
Huge Dmg: -24%(-23hp) hp: 41%(38hp)
You hit Fannar but do no damage.
Fannar is almost dead.
Fannar hits you with a staff of cold.
* * * LOW HITPOINT WARNING * * *
Fannar freezes you!
* * * LOW HITPOINT WARNING * * *
The ice beast closely misses you.
Huge Dmg: -19%(-18hp) hp: 22%(20hp) Fannar attacks as you move away!
Fannar misses you. The ice beast attacks as you move away!
The ice beast completely misses you. The ice beast completely misses you.
Fannar mumbles some strange words.
Fannar drains the heat from the surrounding environment!
You die...

#.#.###########'.## ##.#### #..
###.#.....#.......###.....## ##.
#P..#####.#..........#....##### #.
#.........#.#...#.#.........#.###.
#.....8...'.#.8...+...8...#.......
#.'..(....#.#...#...........#.....
##......#.#.#.....#..#.#..#.......
#.......###......#......#.#......
#.####### ###'#@#.#######........
### ##.# #...Y......# ###P.....
#..# #...eY#...## ##....^ #..#
#8.>.8#...# #..... ##.#
#.....##### #..... ##.# ###.8.##
##.#.# #..# #..##### ### #####
##.# ######.###.#### #.##
#...........## ###


You could see Fannar and 2 ice beasts.

Vanquished Creatures
  A minotaur (Gauntlet)
  A boulder beetle (D:11)
  A catoblepas (Gauntlet)
  2 two-headed ogres
  Pikel (D:7)
  A manticore (D:8)
  A black mamba (Lair:2)
  2 cane toads
  7 trolls
  27 yaks
  A wyvern (Lair:1)
  2 wraiths
  A steam dragon (D:6)
  4 vampire mosquitoes (D:11)
  5 water moccasins
  Duvessa (D:4)
  An acid dragon (D:10)
  5 black bears
  4 wolves (Lair:1)
  3 lemures (D:7)
  3 centaurs
  4 kobold brigands
  2 necrophages
  5 bullfrogs
  A gnoll sergeant (D:10)
  5 scorpions
  6 wights (D:8)
  Dowan (D:4)
  4 jellies
  4 orc priests
  2 gnoll shamans
  3 hounds
  7 orc wizards
  8 mummies (Ossuary)
  5 adders
  14 gnolls
  A white imp (D:6)
  An ufetubus (D:6)
  A worm (D:2)
  4 dart slugs
  21 orcs
  7 ball pythons
  2 endoplasms
  3 giant cockroaches
  A gnoll zombie (Ossuary)
  4 goblins
  9 hobgoblins
  4 jackals (D:4)
  23 kobolds
  4 quokkas (D:2)
  3 bats
  A frilled lizard (D:2)
  4 hobgoblin zombies (Ossuary)
  3 kobold zombies (Ossuary)
241 creatures vanquished.

Vanquished Creatures (others)
  A fungus (Lair:2)
  13 plants
14 creatures vanquished.

Grand Total: 255 creatures vanquished

Notes
Turn   | Place    | Note
-------+----------+-------------------------------------------
     0 | D:1      | RepHenryClay the Merfolk Gladiator began the quest for the
                  | Orb.
     0 | D:1      | Reached XP level 1. HP: 16/16 MP: 1/1
   426 | D:1      | Reached XP level 2. HP: 22/22 MP: 2/2
  1037 | D:2      | Reached XP level 3. HP: 24/27 MP: 3/3
  1481 | D:2      | Found a faded altar of an unknown god.
  1502 | D:2      | Reached skill level 5 in Dodging
  1509 | D:2      | Reached skill level 5 in Polearms
  1703 | D:3      | Reached XP level 4. HP: 25/33 MP: 4/4
  1957 | D:3      | Identified the +10 dagger of Suveb {freeze, rElec rN+}
  1968 | D:3      | Got the Incunabulum of Spatial Transformation
  2253 | D:3      | Identified the +6 scale mail of the New World {Harm rC-
                  | Str-2 Stlth+}
  2614 | D:4      | Found a basalt altar of Yredelemnul.
  2627 | D:4      | Found a staircase to the Ecumenical Temple.
  2636 | Temple   | Entered the Ecumenical Temple
  2767 | Temple   | Became a worshipper of Warmaster Okawaru
  2967 | D:4      | Reached XP level 5. HP: 26/38 MP: 5/5
  3120 | D:4      | Noticed a black bear
  3133 | D:4      | Killed a black bear
  3134 | D:4      | Reached XP level 6. HP: 27/44 MP: 6/6
  3326 | D:4      | Noticed Dowan
  3327 | D:4      | Noticed Duvessa
  3370 | D:5      | Entered Level 5 of the Dungeon
  3406 | D:5      | Reached * piety under Okawaru
  3407 | D:5      | Reached skill level 1 in Invocations
  3477 | D:5      | Gained mutation: You passively map a small area around you.
                  | [potion of mutation]
  3552 | D:5      | Found a sand-covered staircase.
  3777 | Ossuary  | Entered an ossuary
  3872 | Ossuary  | HP: 1/44 [mummy (13)]
  3873 | Ossuary  | Reached XP level 7. HP: 1/50 MP: 6/10
  4849 | D:5      | Reached skill level 5 in Invocations
  6335 | D:6      | Noticed a yak
  6335 | D:6      | Noticed a yak
  6449 | D:5      | Killed a yak
  6450 | D:5      | Reached XP level 8. HP: 4/56 MP: 12/12
  6739 | D:6      | Noticed a yak
  6861 | D:5      | Killed a yak
  7074 | D:6      | Killed a yak
  7692 | D:6      | Reached ** piety under Okawaru
  7999 | D:6      | Found Woh Ydogh's Weapon Shop.
  8143 | D:6      | Noticed Menkaure
  8196 | D:6      | Reached XP level 9. HP: 61/61 MP: 14/14
  8202 | D:7      | Noticed Maggie
  8279 | D:4      | Killed Duvessa
  8287 | D:4      | Killed Dowan
  9006 | D:6      | Noticed a cyclops
  9847 | D:7      | Reached skill level 10 in Polearms
  9847 | D:7      | Reached skill level 10 in Dodging
  9980 | D:7      | Noticed Pikel
 10491 | D:7      | Killed Pikel
 10491 | D:7      | Reached *** piety under Okawaru
 10541 | D:7      | Reached XP level 10. HP: 60/67 MP: 16/16
 12103 | D:8      | Noticed a manticore
 12120 | D:8      | HP: 1/67 [manticore (3)]
 12121 | D:8      | Killed a manticore
 12121 | D:8      | Reached **** piety under Okawaru
 13048 | D:9      | Reached skill level 10 in Invocations
 13581 | D:9      | Found a shimmering blue altar of Sif Muna.
 13654 | D:9      | Reached XP level 11. HP: 78/78 MP: 18/18
 13694 | D:9      | Noticed a two-headed ogre
 13708 | D:9      | Killed a two-headed ogre
 13709 | D:9      | Reached skill level 5 in Fighting
 13851 | D:10     | Entered Level 10 of the Dungeon
 14090 | D:10     | Found a staircase to the Lair.
 14112 | D:10     | Noticed a catoblepas
 14157 | D:10     | Received a gift from Okawaru
 14218 | D:10     | Found Iddyeng's Self-Improvement Boutique.
 14378 | D:10     | Reached ***** piety under Okawaru
 14428 | D:10     | Found a sacrificial altar of Ru.
 14719 | D:10     | Received a gift from Okawaru
 14763 | D:10     | Noticed Erolcha
 14850 | D:11     | Reached skill level 5 in Throwing
 15014 | D:11     | Received a gift from Okawaru
 15297 | D:11     | Noticed a two-headed ogre
 15310 | D:11     | Killed a two-headed ogre
 15336 | D:11     | Noticed a boulder beetle
 15362 | D:11     | Killed a boulder beetle
 15362 | D:11     | Received a gift from Okawaru
 15429 | D:11     | Found a runed translucent gate.
 15429 | D:11     | Found a runed translucent gate.
 15429 | D:11     | Found a runed translucent gate.
 15429 | D:11     | Noticed a ten-headed hydra
 15430 | D:11     | Noticed durneh's ghost (novice FeCj)
 15694 | D:12     | Noticed a skeletal warrior
 15759 | Lair:1   | Entered Level 1 of the Lair of Beasts
 15850 | Lair:1   | Found a hazy altar of Hepliaklqana.
 16674 | Lair:2   | Reached XP level 12. HP: 80/92 MP: 19/19
 16698 | Lair:2   | Found a gate leading to a gauntlet.
 16720 | Gauntlet | Entered a Gauntlet
 16720 | Gauntlet | Found a transporter.
 16720 | Gauntlet | Found a runed translucent gate.
 16720 | Gauntlet | Found a runed translucent gate.
 16734 | Gauntlet | Found a runed translucent gate.
 16737 | Gauntlet | Found a transporter.
 16739 | Gauntlet | Found a transporter.
 16749 | Gauntlet | Noticed a catoblepas
 16753 | Gauntlet | Found a transporter.
 16757 | Gauntlet | Noticed a cacodemon
 16767 | Gauntlet | Found a transporter.
 16781 | Gauntlet | Found a runed translucent door.
 16785 | Gauntlet | Found a transporter.
 16786 | Gauntlet | Noticed a green death
 16795 | Gauntlet | Found a transporter.
 16807 | Gauntlet | Found a transporter.
 16827 | Gauntlet | Found a transporter.
 16841 | Gauntlet | Found a transporter.
 16841 | Gauntlet | Found a transporter.
 16892 | Gauntlet | Found a transporter.
 16909 | Gauntlet | Found a transporter.
 16949 | Gauntlet | Found a transporter.
 17035 | Gauntlet | Killed a catoblepas
 17035 | Gauntlet | Received a gift from Okawaru
 17121 | Gauntlet | Noticed a minotaur
 17137 | Gauntlet | Killed a minotaur
 17137 | Gauntlet | Received a gift from Okawaru
 17146 | Gauntlet | Identified the +6 dagger "Reanead" {distort, Str+4}
 17666 | Lair:2   | Noticed Fannar
 17697 | Lair:1   | Killed from afar by Fannar

Illustrated notes

Levels and vault maps discovered:
D:1:      amcnicky_arrival_wind_blow, layout_basic
D:2:      layout_basic, hellmonk_ecumenical_altar_inner_sanctum,
          minmay_misc_feat_roman
D:3:      layout_basic, chequers_serial_rivers_room_b
D:4:      layout_loops_corners, overflow_temple_1_default, temple_pool_b,
          uniq_duvessa
D:5:      layout_layer_cave, enter_ossuary_5
D:6:      layout_basic, serial_shops, kennysheep_mini, shop,
          nrook_mini_backslash, uniq_menkaure
D:7:      layout_gridville, uniq_pikel, uniq_maggie
D:8:      layout_loops_corners
D:9:      layout_irregular_city, led_sif_pool, serial_column_ruins,
          column_ruins_square_medium, column_ruins_open_tiny,
          column_ruins_open_tiny, column_ruins_columns_straight,
          column_ruins_open_tiny, column_ruins_grid_1
D:10:     minmay_sliced_demisemicircle, layout_loops_ring,
          mainiacjoe_overflow_alcove_2, dpeg_oklobed_lair,
          nicolae_shop_self_help, uniq_erolcha
D:11:     layout_basic, gammafunk_ghost_hydra_chop
D:12:     layout_irregular_city, erik_orc_2, chequers_serial_rivers_room_a,
          uniq_kirke, uniq_frances, uniq_nessos
Temple:   mainiacjoe_temple_bowtie_tessellation
Lair:1:   layout_loops_ring, basic_altar, grunt_megastairs_1
Lair:2:   layout_chaotic_city, gauntlet_entry_generic, lemuel_fruit_tree,
          infiniplex_staircase_pool, uniq_fannar

Skill      XL: |  1  2  3  4  5  6  7  8  9 10 11 |
---------------+----------------------------------+-----
Dodging        | 5 6 7 9 10 12 13 | 13.6
Polearms       | 5 6 7 9 10 12 13 | 13.6
Invocations    | 4 5 7 8 10 | 10.0
Fighting       | 4 8 |  8.6
Throwing       | 6 |  6.9

Action                   |  1- 3 |  4- 6 |  7- 9 | 10-12 || total
-------------------------+-------+-------+-------+-------++-------
Melee: Trident           |    84 |   162 |   415 |   824 ||  1485
       Punch             |     1 |       |       |       ||     1
       Tailslap          |       |     2 |       |     8 ||    10
       Dagger            |       |       |     5 |       ||     5
Throw: Dart              |       |       |    18 |    12 ||    30
       Throwing net      |       |       |     3 |       ||     3
       Javelin           |       |       |       |     6 ||     6
Invok: Heroism           |       |     2 |     6 |    13 ||    21
       Finesse           |       |       |       |     1 ||     1
Evoke: Wand              |       |       |     7 |     5 ||    12
  Use: Scroll            |       |     7 |     4 |    10 ||    21
       Potion            |       |     5 |     3 |     3 ||    11
 Stab: Sleeping          |     2 |       |       |     2 ||     4
       Invisible         |       |       |    13 |       ||    13
       Held in net/web   |       |       |     1 |       ||     1
       Petrified         |       |       |       |    12 ||    12
       Petrifying        |       |       |       |     4 ||     4
Armor: Leather armour    |     5 |       |       |       ||     5
       Ring mail         |     3 |    33 |    39 |       ||    75
       Steam dragon scal |       |       |    50 |    24 ||    74
       Troll leather arm |       |       |       |    66 ||    66
Dodge: Dodged            |    35 |    60 |   260 |   574 ||   929
Block: Buckler           |     9 |    15 |    65 |   102 ||   191

Table legend: (Time is in decaauts)
 A = Elapsed time spent in this place.
 B = Non-inter-level travel time spent in this place.
 C = Inter-level travel time spent in this place.
 D = Time resting spent in this place.
 E = Time spent auto-exploring this place.
 F = Levels seen in this place.
 G = Mean time per level.
                   A        B        C        D        E       F      G
               +--------+--------+--------+--------+--------+-----+--------+
         Total |  17420 |  16445 |    975 |   3586 |   9936 |  17 | 1024.7 |
       Dungeon |  14751 |  13822 |    929 |   3249 |   8211 |  12 | 1229.2 |
        Temple |    158 |    131 |     27 |      0 |    122 |   1 |  158.0 |
          Lair |   1334 |   1316 |     18 |      0 |   1099 |   2 |  667.0 |
       Ossuary |    647 |    647 |      0 |    288 |    213 |   1 |  647.0 |
      Gauntlet |    528 |    528 |      0 |     48 |    291 |   1 |  528.0 |
               +--------+--------+--------+--------+--------+-----+--------+

Top non-repeatable levels by time:
     D:5: 3346 daAuts
     D:8: 1639 daAuts
     D:6: 1585 daAuts
     D:7: 1495 daAuts
     D:4: 1274 daAuts
     D:9: 1224 daAuts
  Lair:1: 908 daAuts
     D:2: 905 daAuts
    D:11: 839 daAuts
    D:10: 833 daAuts
     D:1: 785 daAuts
     D:3: 774 daAuts
 Ossuary: 647 daAuts
Gauntlet: 528 daAuts
  Lair:2: 425 daAuts
